2485 views
Uploaded 2021-10-26 16:05:44
Game version 1.32.10
42:15 long 3on3 ladder game on (6)UpperKingdom
Saved by xzz
2485 views
Uploaded 2021-10-26 16:05:44
Game version 1.32.10
42:15 long 3on3 ladder game on (6)UpperKingdom


218 units @ 35k
/ 6.3k
81 buildings @ 10.5k
/ 4.8k



| Rod of Necromancy | 3 | 450 |
| Orb of Corruption | 1 | 375 |
| Lesser Clarity Potion | 1 | 70 |
| Potion of Mana | 2 | 400 |
| Dust of Appearance | 1 | 75 |
| Scroll of Town Portal | 7 | 2450 |
| Scroll of Healing | 1 | 250 |
| total: | 16 | 4070g |
| Acolyte | 8 | 600 | / | 0 |
| Ghoul | 3 | 360 | / | 0 |
| Crypt Fiend | 26 | 5590 | / | 1040 |
| Obsidian Statue | 18 | 3600 | / | 630 |
| total: | 55 | 10150g | / | 1670w |
| Spirit Tower | 3 | 435 | / | 120 |
| Nerubian Tower | 1 | 100 | / | 20 |
| Graveyard | 1 | 215 | / | 0 |
| Crypt | 3 | 600 | / | 150 |
| Altar of Darkness | 1 | 180 | / | 50 |
| Ziggurat | 9 | 1350 | / | 450 |
| Tomb of Relics | 2 | 260 | / | 60 |
| Necropolis | 3 | 675 | / | 0 |
| Slaughterhouse | 3 | 420 | / | 405 |
| Halls of the Dead | 2 | 640 | / | 420 |
| Black Citadel | 2 | 650 | / | 460 |
| total: | 22 | 3700g | / | 1115w |
| 0:03 | Acolyte |
| 0:06 | Graveyard |
| 0:08 | Crypt |
| 0:16 | Acolyte |
| 0:39 | Altar of Darkness |
| 0:53 | Ziggurat |
| 1:10 | Ghoul |
| 1:19 | Tomb of Relics |
| 1:44 | Crypt Fiend |
| 1:56 | Ziggurat |
| 2:18 | Crypt Fiend |
| 2:43 | Rod of Necromancy |
| 2:48 | Death Coil |
| 2:55 | Crypt Fiend |
| 3:23 | Crypt Fiend |
| 3:51 | Halls of the Dead |
| 3:53 | Unholy Aura |
| 4:00 | Rod of Necromancy |
| 4:27 | Ghoul |
| 4:40 | Ziggurat |
| 4:41 | Creature Attack |
| 5:04 | Ghoul |
| 5:10 | Death Coil |
| 5:50 | Crypt Fiend |
| 6:13 | Burrow |
| 6:28 | Rod of Necromancy |
| 6:39 | Slaughterhouse |
| 7:02 | Black Citadel |
| 7:12 | Dust of Appearance |
| 7:14 | Frost Nova |
| 7:22 | Ziggurat |
| 7:42 | Web |
| 8:21 | Obsidian Statue |
| 8:21 | Obsidian Statue |
| 9:01 | Scroll of Town Portal |
| 9:07 | Crypt Fiend |
| 9:45 | Orb of Corruption |
| 10:18 | Acolyte |
| 10:20 | Spirit Tower |
| 10:23 | Nerubian Tower |
| 11:11 | Frost Armor |
| 11:13 | Unholy Aura |
| 12:03 | Crypt |
| 12:05 | Acolyte |
| 12:08 | Acolyte |
| 12:11 | Scroll of Town Portal |
| 12:21 | Obsidian Statue |
| 12:22 | Destroyer Form |
| 13:12 | Crypt Fiend |
| 13:13 | Obsidian Statue |
| 13:16 | Acolyte |
| 13:16 | Acolyte |
| 13:26 | Ziggurat |
| 13:40 | Improved Creature Attack |
| 14:16 | Impale |
| 14:31 | Crypt Fiend |
| 14:34 | Necropolis |
| 14:36 | Crypt |
| 14:38 | Ziggurat |
| 14:43 | Ziggurat |
| 14:44 | Ziggurat |
| 14:46 | Necropolis |
| 15:00 | Frost Nova |
| 15:22 | Death Coil |
| 15:33 | Crypt Fiend |
| 16:27 | Crypt Fiend |
| 16:28 | Creature Carapace |
| 16:30 | Spirit Tower |
| 16:32 | Spirit Tower |
| 16:40 | Halls of the Dead |
| 16:46 | Frost Armor |
| 17:13 | Crypt Fiend |
| 17:19 | Crypt Fiend |
| 17:29 | Spiked Carapace |
| 18:07 | Crypt Fiend |
| 18:21 | Animate Dead |
| 19:02 | Black Citadel |
| 19:03 | Improved Creature Carapace |
| 19:04 | Crypt Fiend |
| 19:35 | Lesser Clarity Potion |
| 19:36 | Scroll of Town Portal |
| 19:38 | Scroll of Town Portal |
| 19:44 | Impale |
| 20:11 | Potion of Mana |
| 20:12 | Scroll of Town Portal |
| 20:15 | Crypt Fiend |
| 20:19 | Slaughterhouse |
| 20:21 | Slaughterhouse |
| 20:22 | Ziggurat |
| 22:14 | Obsidian Statue |
| 22:15 | Crypt Fiend |
| 22:31 | Obsidian Statue |
| 22:52 | Frost Nova |
| 22:59 | Crypt Fiend |
| 23:22 | Advanced Creature Attack |
| 23:24 | Obsidian Statue |
| 23:58 | Scroll of Healing |
| 23:59 | Potion of Mana |
| 24:53 | Obsidian Statue |
| 25:23 | Crypt Fiend |
| 25:24 | Advanced Creature Carapace |
| 25:37 | Crypt Fiend |
| 25:38 | Obsidian Statue |
| 25:39 | Obsidian Statue |
| 26:28 | Scroll of Town Portal |
| 27:55 | Scroll of Town Portal |
| 27:57 | Unholy Aura |
| 28:56 | Obsidian Statue |
| 28:57 | Crypt Fiend |
| 29:31 | Obsidian Statue |
| 30:08 | Crypt Fiend |
| 30:37 | Obsidian Statue |
| 30:59 | Crypt Fiend |
| 33:33 | Crypt Fiend |
| 33:46 | Death and Decay |
| 34:05 | Acolyte |
| 34:11 | Obsidian Statue |
| 34:13 | Crypt Fiend |
| 34:19 | Spiked Carapace |
| 34:22 | Tomb of Relics |
| 34:24 | Necropolis |
| 34:58 | Crypt Fiend |
| 36:10 | Obsidian Statue |
| 36:24 | Crypt Fiend |
| 36:24 | Obsidian Statue |
| 36:27 | Frost Armor |
| 38:00 | Obsidian Statue |
| 38:53 | Death Pact |
| 39:03 | Obsidian Statue |
| Right click | 1787 |
| Select | 896 |
| Select group | 581 |
| Use ability | 223 |
| Build/train/purchase | 160 |
| Assign group | 70 |
| Misc. action | 45 |
| Chat | 16 |
| Minimap ping | 6 |
| Resource trade | 5 |
| Item give/drop | 2 |


| Scroll of Regeneration | 4 | 400 |
| Orb of Fire | 1 | 325 |
| Potion of Healing | 1 | 150 |
| Potion of Mana | 1 | 200 |
| Scroll of Town Portal | 2 | 700 |
| Healing Salve | 1 | 100 |
| total: | 10 | 1875g |
| Peasant | 10 | 750 | / | 0 |
| Rifleman | 28 | 5740 | / | 840 |
| Priest | 12 | 1620 | / | 120 |
| Flying Machine | 43 | 4300 | / | 1290 |
| Sorceress | 1 | 155 | / | 20 |
| Mortar Team | 6 | 1080 | / | 420 |
| Siege Engine | 1 | 195 | / | 60 |
| total: | 101 | 13840g | / | 2750w |
| Scout Tower | 17 | 510 | / | 340 |
| Guard Tower | 11 | 770 | / | 550 |
| Altar of Kings | 1 | 180 | / | 50 |
| Farm | 10 | 800 | / | 200 |
| Blacksmith | 1 | 140 | / | 60 |
| Barracks | 1 | 160 | / | 60 |
| Arcane Vault | 1 | 130 | / | 30 |
| Lumber Mill | 1 | 120 | / | 0 |
| Town Hall | 1 | 385 | / | 205 |
| Cannon Tower | 4 | 480 | / | 400 |
| Arcane Sanctum | 2 | 300 | / | 280 |
| Workshop | 4 | 560 | / | 560 |
| Gryphon Aviary | 1 | 140 | / | 150 |
| Keep | 1 | 320 | / | 210 |
| Castle | 1 | 360 | / | 210 |
| total: | 40 | 3425g | / | 1935w |
| 0:04 | Peasant |
| 0:04 | Peasant |
| 0:27 | Peasant |
| 0:36 | Peasant |
| 0:51 | Altar of Kings |
| 0:53 | Peasant |
| 0:56 | Farm |
| 1:07 | Blacksmith |
| 1:09 | Peasant |
| 1:21 | Barracks |
| 1:41 | Farm |
| 2:23 | Rifleman |
| 2:29 | Arcane Vault |
| 2:40 | Rifleman |
| 2:51 | Summon Water Elemental |
| 3:28 | Farm |
| 3:31 | Farm |
| 4:10 | Rifleman |
| 4:10 | Rifleman |
| 5:25 | Rifleman |
| 5:27 | Keep |
| 5:33 | Lumber Mill |
| 5:55 | Brilliance Aura |
| 6:00 | Rifleman |
| 6:18 | Scroll of Regeneration |
| 7:27 | Farm |
| 7:30 | Improved Lumber Harvesting |
| 7:36 | Summon Water Elemental |
| 7:48 | Scroll of Regeneration |
| 7:57 | Town Hall |
| 8:05 | Farm |
| 8:09 | Long Rifles |
| 8:31 | Black Gunpowder |
| 8:45 | Peasant |
| 9:01 | Rifleman |
| 9:06 | Farm |
| 9:14 | Storm Bolt |
| 9:26 | Arcane Sanctum |
| 9:42 | Scout Tower |
| 10:52 | Rifleman |
| 10:57 | Workshop |
| 10:58 | Priest |
| 10:58 | Priest |
| 11:02 | Peasant |
| 11:08 | Scout Tower |
| 11:13 | Improved Masonry |
| 11:23 | Scroll of Town Portal |
| 11:26 | Scroll of Regeneration |
| 12:12 | Scout Tower |
| 12:14 | Cannon Tower |
| 12:18 | Farm |
| 12:20 | Priest Adept Training |
| 12:23 | Peasant |
| 12:23 | Peasant |
| 12:42 | Flying Machine |
| 12:43 | Flying Machine |
| 12:52 | Scout Tower |
| 12:54 | Rifleman |
| 13:23 | Guard Tower |
| 13:25 | Guard Tower |
| 13:28 | Scout Tower |
| 13:30 | Cannon Tower |
| 13:53 | Bash |
| 14:25 | Priest |
| 14:27 | Rifleman |
| 14:29 | Cannon Tower |
| 14:33 | Farm |
| 14:42 | Flying Machine |
| 14:42 | Flying Machine |
| 15:16 | Blizzard |
| 15:51 | Rifleman |
| 15:51 | Rifleman |
| 16:02 | Storm Bolt |
| 16:41 | Rifleman |
| 16:41 | Rifleman |
| 17:02 | Blizzard |
| 17:19 | Rifleman |
| 18:05 | Rifleman |
| 18:05 | Rifleman |
| 18:05 | Rifleman |
| 18:06 | Rifleman |
| 18:32 | Scout Tower |
| 18:39 | Priest |
| 18:40 | Priest |
| 18:40 | Priest |
| 19:04 | Rifleman |
| 19:09 | Scout Tower |
| 19:12 | Guard Tower |
| 19:26 | Scout Tower |
| 19:48 | Arcane Sanctum |
| 19:58 | Scout Tower |
| 20:00 | Guard Tower |
| 20:18 | Advanced Masonry |
| 20:20 | Refined Gunpowder |
| 20:23 | Rifleman |
| 20:26 | Castle |
| 20:36 | Scout Tower |
| 20:38 | Guard Tower |
| 21:13 | Workshop |
| 21:15 | Guard Tower |
| 21:17 | Sorceress |
| 21:18 | Priest |
| 22:30 | Studded Leather Armor |
| 22:32 | Flare |
| 22:37 | Scout Tower |
| 22:40 | Priest |
| 22:46 | Advanced Lumber Harvesting |
| 22:54 | Rifleman |
| 22:54 | Rifleman |
| 22:58 | Orb of Fire |
| 22:59 | Scroll of Town Portal |
| 23:01 | Scroll of Regeneration |
| 23:08 | Guard Tower |
| 23:27 | Scout Tower |
| 23:43 | Mortar Team |
| 23:43 | Mortar Team |
| 23:57 | Guard Tower |
| 24:08 | Flying Machine |
| 24:09 | Flying Machine |
| 25:37 | Rifleman |
| 25:37 | Rifleman |
| 25:50 | Farm |
| 25:53 | Imbued Gunpowder |
| 26:30 | Flying Machine |
| 26:30 | Flak Cannons |
| 26:31 | Flying Machine |
| 26:31 | Flying Machine |
| 26:52 | Bash |
| 27:04 | Priest |
| 27:05 | Priest |
| 27:32 | Flying Machine |
| 27:32 | Flying Machine |
| 27:32 | Flying Machine |
| 27:33 | Flying Machine |
| 28:09 | Scout Tower |
| 28:24 | Summon Water Elemental |
| 28:49 | Rifleman |
| 28:49 | Rifleman |
| 28:49 | Rifleman |
| 28:54 | Flying Machine |
| 28:54 | Flying Machine |
| 28:57 | Guard Tower |
| 30:37 | Flying Machine Bombs |
| 30:53 | Workshop |
| 31:06 | Workshop |
| 31:09 | Flying Machine |
| 31:09 | Flying Machine |
| 31:10 | Flying Machine |
| 31:10 | Flying Machine |
| 31:15 | Reinforced Leather Armor |
| 31:18 | Priest |
| 31:46 | Flying Machine |
| 32:16 | Flying Machine |
| 32:16 | Flying Machine |
| 32:16 | Flying Machine |
| 32:23 | Scout Tower |
| 33:00 | Guard Tower |
| 33:01 | Flying Machine |
| 33:02 | Flying Machine |
| 33:02 | Flying Machine |
| 33:14 | Flying Machine |
| 33:41 | Scout Tower |
| 33:56 | Flying Machine |
| 33:56 | Flying Machine |
| 34:07 | Siege Engine |
| 34:20 | Gryphon Aviary |
| 34:23 | Guard Tower |
| 34:27 | Scout Tower |
| 34:39 | Flying Machine |
| 34:39 | Flying Machine |
| 34:52 | Healing Salve |
| 35:30 | Flying Machine |
| 35:30 | Flying Machine |
| 35:30 | Flying Machine |
| 35:30 | Flying Machine |
| 35:37 | Cannon Tower |
| 35:47 | Flying Machine |
| 35:50 | Storm Bolt |
| 36:15 | Flying Machine |
| 36:15 | Flying Machine |
| 36:24 | Priest |
| 37:10 | Mortar Team |
| 37:11 | Mortar Team |
| 37:15 | Flying Machine |
| 37:15 | Flying Machine |
| 37:30 | Scout Tower |
| 37:50 | Barrage |
| 38:25 | Mortar Team |
| 38:27 | Flying Machine |
| 38:51 | Potion of Healing |
| 38:55 | Potion of Mana |
| 39:27 | Flying Machine |
| 40:29 | Flying Machine |
| 40:29 | Mortar Team |
| 42:04 | Avatar |
| Right click | 1528 |
| Select group | 701 |
| Select | 467 |
| Build/train/purchase | 175 |
| Assign group | 40 |
| Use ability | 34 |
| Resource trade | 13 |
| Misc. action | 7 |
| Item give/drop | 1 |
| Remove unit | 1 |


| Healing Salve | 4 | 400 |
| Potion of Healing | 3 | 450 |
| Potion of Mana | 1 | 200 |
| Scroll of Town Portal | 4 | 1400 |
| total: | 12 | 2450g |
| Peon | 11 | 825 | / | 0 |
| Grunt | 12 | 2400 | / | 0 |
| Tauren | 16 | 4480 | / | 1280 |
| Shaman | 14 | 1820 | / | 280 |
| Troll Batrider | 9 | 1440 | / | 360 |
| total: | 62 | 10965g | / | 1920w |
| Altar of Storms | 1 | 180 | / | 50 |
| Orc Burrow | 6 | 960 | / | 240 |
| Barracks | 1 | 180 | / | 50 |
| Voodoo Lounge | 1 | 130 | / | 30 |
| War Mill | 1 | 205 | / | 0 |
| Great Hall | 2 | 770 | / | 370 |
| Spirit Lodge | 1 | 150 | / | 150 |
| Tauren Totem | 3 | 405 | / | 465 |
| Beastiary | 3 | 435 | / | 420 |
| Stronghold | 1 | 315 | / | 190 |
| Fortress | 1 | 325 | / | 190 |
| total: | 19 | 3415g | / | 1775w |
| 0:02 | Peon |
| 0:02 | Peon |
| 0:02 | Peon |
| 0:04 | Altar of Storms |
| 0:18 | Orc Burrow |
| 0:39 | Peon |
| 0:50 | Barracks |
| 0:54 | Peon |
| 1:16 | Peon |
| 1:28 | Orc Burrow |
| 1:45 | Peon |
| 1:50 | Grunt |
| 2:11 | Feral Spirit |
| 2:13 | Grunt |
| 2:35 | Grunt |
| 3:05 | Grunt |
| 3:12 | Stronghold |
| 3:15 | Grunt |
| 3:20 | Chain Lighting |
| 3:33 | Grunt |
| 3:41 | Orc Burrow |
| 3:45 | Voodoo Lounge |
| 4:32 | War Mill |
| 4:36 | Grunt |
| 5:31 | Grunt |
| 6:04 | Fortress |
| 6:07 | Spirit Lodge |
| 6:26 | Feral Spirit |
| 6:28 | Healing Salve |
| 6:44 | Orc Burrow |
| 6:45 | Berserker Strength |
| 6:51 | Steel Armor |
| 7:04 | Hex |
| 7:46 | Tauren Totem |
| 8:16 | Healing Wave |
| 8:23 | Shaman Adept Training |
| 8:34 | Tauren Totem |
| 8:37 | Healing Salve |
| 9:20 | Grunt |
| 9:23 | Tauren |
| 9:27 | Orc Burrow |
| 10:21 | Grunt |
| 10:24 | Tauren |
| 10:24 | Tauren |
| 10:54 | Steel Melee Weapons |
| 11:08 | Shaman Master Training |
| 11:21 | Potion of Healing |
| 11:21 | Healing Salve |
| 11:52 | Scroll of Town Portal |
| 12:20 | Shaman |
| 13:46 | Tauren |
| 14:02 | Chain Lighting |
| 15:38 | Tauren |
| 15:38 | Tauren |
| 16:16 | Tauren |
| 16:29 | Hex |
| 16:59 | Shaman |
| 16:59 | Shaman |
| 17:00 | Shaman |
| 17:15 | Tauren |
| 17:21 | Chain Lighting |
| 18:52 | Shaman |
| 18:52 | Shaman |
| 18:54 | Tauren |
| 20:10 | Orc Burrow |
| 20:52 | Healing Wave |
| 21:22 | Shaman |
| 21:23 | Shaman |
| 21:23 | Shaman |
| 21:28 | Shaman |
| 21:31 | Beastiary |
| 21:36 | Potion of Healing |
| 22:04 | Potion of Mana |
| 22:11 | Tauren |
| 22:44 | Tauren |
| 23:28 | Tauren |
| 24:00 | Scroll of Town Portal |
| 25:35 | Tauren |
| 25:35 | Tauren |
| 25:48 | Grunt |
| 25:55 | Shaman |
| 26:15 | Great Hall |
| 27:36 | Scroll of Town Portal |
| 28:36 | Hex |
| 28:56 | Earth Quake |
| 29:07 | Peon |
| 30:26 | Peon |
| 30:26 | Peon |
| 30:28 | Peon |
| 31:14 | Shaman |
| 31:23 | Healing Salve |
| 31:42 | Potion of Healing |
| 33:30 | Grunt |
| 33:34 | Tauren Totem |
| 34:00 | Tauren |
| 34:10 | Shaman |
| 34:11 | Shaman |
| 34:29 | Beastiary |
| 34:32 | Beastiary |
| 34:34 | Steel Ranged Weapons |
| 34:41 | Scroll of Town Portal |
| 35:09 | Thorium Armor |
| 35:09 | Thorium Melee Weapons |
| 36:04 | Feral Spirit |
| 36:42 | Troll Batrider |
| 36:42 | Troll Batrider |
| 37:46 | Tauren |
| 38:30 | Liquid Fire |
| 38:35 | Troll Batrider |
| 39:01 | Troll Batrider |
| 39:38 | Great Hall |
| 39:46 | Troll Batrider |
| 41:50 | Big Bad Voodoo |
| 42:05 | Troll Batrider |
| 42:06 | Troll Batrider |
| 42:06 | Troll Batrider |
| 42:06 | Troll Batrider |
| Right click | 1459 |
| Select group | 1115 |
| Select | 479 |
| Build/train/purchase | 117 |
| Use ability | 78 |
| Misc. action | 48 |
| Assign group | 43 |
| Item give/drop | 3 |
| Remove unit | 3 |
| Minimap ping | 2 |
221 units @ 37.8k
/ 6.3k
90 buildings @ 12.2k
/ 6.2k

| Lesser Clarity Potion | 3 | 210 |
| Healing Salve | 4 | 400 |
| Scroll of Speed | 4 | 200 |
| Potion of Healing | 1 | 150 |
| Potion of Mana | 1 | 200 |
| Scroll of Town Portal | 1 | 350 |
| total: | 14 | 1510g |
| Peon | 18 | 1350 | / | 0 |
| Raider | 19 | 3420 | / | 760 |
| Wind Rider | 2 | 530 | / | 80 |
| Kodo Beast | 4 | 1020 | / | 240 |
| Troll Batrider | 6 | 960 | / | 240 |
| total: | 49 | 7280g | / | 1320w |
| Watch Tower | 11 | 1210 | / | 880 |
| Altar of Storms | 1 | 180 | / | 50 |
| Orc Burrow | 6 | 960 | / | 240 |
| Voodoo Lounge | 1 | 130 | / | 30 |
| War Mill | 1 | 205 | / | 0 |
| Beastiary | 5 | 725 | / | 700 |
| Stronghold | 1 | 315 | / | 190 |
| Fortress | 1 | 325 | / | 190 |
| total: | 25 | 3410g | / | 1900w |
| 0:16 | Peon |
| 0:16 | Peon |
| 0:19 | Altar of Storms |
| 0:20 | Orc Burrow |
| 0:48 | Peon |
| 0:54 | Voodoo Lounge |
| 1:09 | Peon |
| 1:36 | Peon |
| 1:38 | Peon |
| 2:05 | Peon |
| 2:15 | Peon |
| 2:28 | Peon |
| 2:33 | Stronghold |
| 2:37 | War Mill |
| 2:53 | Hex |
| 3:00 | Lesser Clarity Potion |
| 3:01 | Healing Salve |
| 3:01 | Lesser Clarity Potion |
| 3:02 | Scroll of Speed |
| 3:11 | Orc Burrow |
| 4:05 | Watch Tower |
| 4:56 | Beastiary |
| 4:59 | Beastiary |
| 5:02 | Peon |
| 5:02 | Peon |
| 5:02 | Peon |
| 5:02 | Peon |
| 5:05 | Orc Burrow |
| 5:37 | Watch Tower |
| 5:57 | Watch Tower |
| 6:13 | Peon |
| 6:13 | Peon |
| 6:13 | Peon |
| 6:13 | Peon |
| 6:13 | Peon |
| 6:16 | Raider |
| 6:16 | Raider |
| 6:35 | Beastiary |
| 6:38 | Beastiary |
| 6:47 | Raider |
| 7:04 | Raider |
| 7:24 | Orc Burrow |
| 7:37 | Healing Wave |
| 7:47 | Ensnare |
| 7:51 | Watch Tower |
| 8:26 | Raider |
| 8:52 | Raider |
| 8:55 | Reinforced Defenses |
| 9:01 | Watch Tower |
| 9:10 | Healing Salve |
| 9:22 | Watch Tower |
| 9:30 | Scroll of Speed |
| 9:46 | Raider |
| 10:29 | Raider |
| 10:34 | Watch Tower |
| 11:16 | Pillage |
| 11:26 | Steel Armor |
| 11:30 | Watch Tower |
| 12:06 | Raider |
| 12:11 | Raider |
| 12:31 | Healing Salve |
| 12:32 | Lesser Clarity Potion |
| 12:32 | Scroll of Speed |
| 12:57 | Steel Melee Weapons |
| 13:19 | Beastiary |
| 14:09 | Orc Burrow |
| 14:33 | Wind Rider |
| 14:36 | Orc Burrow |
| 14:55 | Scroll of Town Portal |
| 14:56 | Potion of Healing |
| 14:56 | Potion of Mana |
| 15:04 | Wind Rider |
| 16:29 | Raider |
| 17:02 | Raider |
| 17:07 | Raider |
| 17:27 | Raider |
| 18:05 | Raider |
| 19:04 | Raider |
| 19:25 | Raider |
| 19:59 | Raider |
| 20:33 | Raider |
| 22:24 | Kodo Beast |
| 23:24 | Kodo Beast |
| 23:30 | Kodo Beast |
| 23:42 | Watch Tower |
| 24:46 | Kodo Beast |
| 25:43 | Troll Batrider |
| 26:03 | Fortress |
| 27:30 | Troll Batrider |
| 28:05 | Troll Batrider |
| 28:17 | Troll Batrider |
| 29:21 | Healing Salve |
| 29:21 | Scroll of Speed |
| 30:23 | Hex |
| 31:11 | Healing Wave |
| 32:05 | Hex |
| 33:34 | Watch Tower |
| 35:22 | Troll Batrider |
| 35:26 | Liquid Fire |
| 39:01 | Troll Batrider |
| 39:44 | Watch Tower |
| Right click | 1288 |
| Select | 565 |
| Use ability | 143 |
| Select group | 139 |
| Build/train/purchase | 99 |
| Chat | 84 |
| Resource trade | 42 |
| Assign group | 29 |
| Esc | 5 |
| Remove unit | 4 |
| Minimap ping | 3 |
| Misc. action | 1 |


| Potion of Healing | 10 | 1500 |
| Potion of Mana | 1 | 200 |
| Moonstone | 1 | 50 |
| Scroll of Town Portal | 8 | 2800 |
| total: | 20 | 4550g |
| Wisp | 27 | 1620 | / | 0 |
| Archer | 4 | 520 | / | 40 |
| Chimaera | 48 | 15840 | / | 3360 |
| Hippogryph | 8 | 1280 | / | 160 |
| total: | 87 | 19260g | / | 3560w |
| Moon Well | 7 | 1260 | / | 280 |
| Altar of Elders | 1 | 180 | / | 50 |
| Ancient of War | 1 | 150 | / | 60 |
| Ancient of Wonders | 1 | 90 | / | 30 |
| Hunter's Hall | 1 | 210 | / | 100 |
| Tree of Life | 4 | 1360 | / | 740 |
| Ancient of Wind | 1 | 150 | / | 140 |
| Chimaera Roost | 3 | 420 | / | 570 |
| Tree of Ages | 1 | 320 | / | 180 |
| Tree of Eternity | 1 | 330 | / | 200 |
| total: | 19 | 3820g | / | 1970w |
| 0:02 | Wisp |
| 0:02 | Wisp |
| 0:02 | Wisp |
| 0:06 | Moon Well |
| 0:12 | Altar of Elders |
| 0:40 | Wisp |
| 0:41 | Wisp |
| 1:03 | Ancient of War |
| 1:06 | Wisp |
| 1:29 | Wisp |
| 1:29 | Wisp |
| 1:31 | Moon Well |
| 1:46 | Ancient of Wonders |
| 1:49 | Wisp |
| 2:03 | Wisp |
| 2:08 | Archer |
| 2:21 | Searing Arrows |
| 2:39 | Tree of Ages |
| 2:56 | Archer |
| 2:56 | Archer |
| 3:33 | Hunter's Hall |
| 3:34 | Archer |
| 3:45 | Moon Well |
| 4:49 | Trueshot Aura |
| 4:51 | Tree of Life |
| 5:02 | Tree of Eternity |
| 5:32 | Potion of Healing |
| 5:32 | Potion of Healing |
| 5:50 | Moon Well |
| 6:14 | Strength of the Wild |
| 6:15 | Reinforced Hides |
| 7:18 | Wisp |
| 7:18 | Wisp |
| 7:18 | Wisp |
| 7:19 | Wisp |
| 7:19 | Wisp |
| 7:29 | Chimaera Roost |
| 7:31 | Chimaera Roost |
| 7:42 | Wisp |
| 7:42 | Wisp |
| 7:42 | Wisp |
| 7:57 | Chimaera Roost |
| 8:14 | Wisp |
| 8:42 | Trueshot Aura |
| 8:52 | Chimaera |
| 8:57 | Moon Well |
| 8:58 | Chimaera |
| 9:21 | Chimaera |
| 9:24 | Moon Well |
| 9:36 | Chimaera |
| 9:37 | Chimaera |
| 9:43 | Wisp |
| 10:19 | Scroll of Town Portal |
| 10:19 | Potion of Healing |
| 10:19 | Potion of Healing |
| 10:22 | Scroll of Town Portal |
| 10:52 | Tree of Life |
| 10:54 | Corrosive Breath |
| 11:12 | Searing Arrows |
| 11:36 | Chimaera |
| 11:51 | Chimaera |
| 11:55 | Improved Strength of the Wild |
| 11:57 | Wisp |
| 12:17 | Chimaera |
| 12:21 | Scroll of Town Portal |
| 13:25 | Advanced Strength of the Wild |
| 13:26 | Improved Reinforced Hides |
| 13:27 | Chimaera |
| 13:28 | Chimaera |
| 13:47 | Trueshot Aura |
| 13:59 | Chimaera |
| 14:26 | Scroll of Town Portal |
| 14:29 | Chimaera |
| 15:12 | Chimaera |
| 15:14 | Chimaera |
| 15:47 | Chimaera |
| 16:03 | Ancient of Wind |
| 16:06 | Chimaera |
| 16:14 | Chimaera |
| 16:46 | Advanced Reinforced Hides |
| 17:25 | Scroll of Town Portal |
| 17:43 | Starfall |
| 18:16 | Chimaera |
| 18:18 | Nature's Blessing |
| 18:23 | Wisp |
| 18:25 | Chimaera |
| 18:48 | Chimaera |
| 18:55 | Hippogryph |
| 19:17 | Chimaera |
| 19:19 | Chimaera |
| 20:12 | Scroll of Town Portal |
| 20:12 | Potion of Healing |
| 20:14 | Chimaera |
| 20:16 | Chimaera |
| 20:41 | Scroll of Town Portal |
| 21:08 | Searing Arrows |
| 21:23 | Chimaera |
| 21:25 | Hippogryph |
| 21:53 | Hippogryph |
| 21:54 | Chimaera |
| 22:20 | Scout |
| 22:26 | Chimaera |
| 22:28 | Hippogryph |
| 23:12 | Tree of Life |
| 24:00 | Moon Well |
| 24:34 | Scout |
| 24:59 | Chimaera |
| 25:00 | Chimaera |
| 25:01 | Chimaera |
| 25:14 | Potion of Healing |
| 25:15 | Potion of Healing |
| 25:16 | Potion of Mana |
| 25:21 | Moonstone |
| 25:25 | Wisp |
| 25:25 | Wisp |
| 25:44 | Wisp |
| 25:44 | Wisp |
| 25:56 | Hippogryph |
| 26:10 | Chimaera |
| 26:23 | Thorns Aura |
| 26:28 | Potion of Healing |
| 27:03 | Scout |
| 27:21 | Entangling Roots |
| 27:22 | Entangling Roots |
| 27:49 | Thorns Aura |
| 27:57 | Chimaera |
| 27:58 | Chimaera |
| 28:11 | Well Spring |
| 28:39 | Chimaera |
| 29:00 | Chimaera |
| 29:07 | Scroll of Town Portal |
| 30:26 | Chimaera |
| 30:27 | Chimaera |
| 30:28 | Chimaera |
| 31:07 | Potion of Healing |
| 31:11 | Hippogryph |
| 31:11 | Hippogryph |
| 31:17 | Chimaera |
| 31:58 | Chimaera |
| 32:55 | Entangling Roots |
| 33:04 | Chimaera |
| 34:02 | Chimaera |
| 34:37 | Chimaera |
| 35:25 | Thorns Aura |
| 37:03 | Chimaera |
| 37:04 | Chimaera |
| 37:06 | Potion of Healing |
| 37:35 | Tree of Life |
| 38:16 | Hippogryph |
| 38:25 | Tranquility |
| 39:01 | Chimaera |
| 39:02 | Chimaera |
| 40:43 | Wisp |
| 41:48 | Chimaera |
| Right click | 1100 |
| Select | 787 |
| Chat | 299 |
| Build/train/purchase | 168 |
| Use ability | 42 |
| Minimap ping | 42 |
| Remove unit | 7 |
| Item give/drop | 6 |
| Resource trade | 6 |
| Misc. action | 2 |


| Lesser Clarity Potion | 2 | 140 |
| Orb of Fire | 1 | 325 |
| Scroll of Regeneration | 2 | 200 |
| Potion of Healing | 2 | 300 |
| Scroll of Town Portal | 4 | 1400 |
| total: | 11 | 2365g |
| Peasant | 43 | 3225 | / | 0 |
| Rifleman | 24 | 4920 | / | 720 |
| Priest | 4 | 540 | / | 40 |
| Spell Breaker | 1 | 215 | / | 30 |
| Flying Machine | 4 | 400 | / | 120 |
| Mortar Team | 1 | 180 | / | 70 |
| Knight | 5 | 1225 | / | 300 |
| Siege Engine | 3 | 585 | / | 180 |
| total: | 85 | 11290g | / | 1460w |
| Scout Tower | 14 | 420 | / | 280 |
| Arcane Tower | 1 | 70 | / | 50 |
| Guard Tower | 5 | 350 | / | 250 |
| Altar of Kings | 3 | 540 | / | 150 |
| Farm | 13 | 1040 | / | 260 |
| Blacksmith | 2 | 280 | / | 120 |
| Barracks | 2 | 320 | / | 120 |
| Arcane Vault | 2 | 260 | / | 60 |
| Lumber Mill | 2 | 240 | / | 0 |
| Town Hall | 3 | 1155 | / | 615 |
| Arcane Sanctum | 2 | 300 | / | 280 |
| Workshop | 3 | 420 | / | 420 |
| Keep | 2 | 640 | / | 420 |
| Castle | 2 | 720 | / | 420 |
| total: | 46 | 4975g | / | 2305w |
| 0:04 | Peasant |
| 0:04 | Peasant |
| 0:10 | Altar of Kings |
| 0:21 | Farm |
| 0:26 | Peasant |
| 0:42 | Peasant |
| 1:00 | Farm |
| 1:05 | Peasant |
| 1:05 | Peasant |
| 1:22 | Blacksmith |
| 1:28 | Peasant |
| 1:40 | Barracks |
| 1:45 | Peasant |
| 1:58 | Arcane Vault |
| 2:09 | Farm |
| 2:11 | Peasant |
| 2:27 | Thunder Clap |
| 2:40 | Lumber Mill |
| 3:14 | Rifleman |
| 3:15 | Rifleman |
| 3:18 | Peasant |
| 3:18 | Peasant |
| 3:52 | Rifleman |
| 4:10 | Rifleman |
| 4:15 | Keep |
| 4:17 | Improved Lumber Harvesting |
| 4:32 | Farm |
| 4:37 | Farm |
| 4:51 | Storm Bolt |
| 5:03 | Improved Masonry |
| 5:12 | Rifleman |
| 5:36 | Lesser Clarity Potion |
| 6:34 | Rifleman |
| 6:46 | Arcane Sanctum |
| 6:49 | Advanced Masonry |
| 6:52 | Black Gunpowder |
| 6:58 | Scout Tower |
| 7:00 | Scout Tower |
| 7:01 | Scout Tower |
| 7:17 | Long Rifles |
| 7:21 | Advanced Lumber Harvesting |
| 7:27 | Peasant |
| 7:52 | Brilliance Aura |
| 7:57 | Rifleman |
| 8:04 | Arcane Tower |
| 8:06 | Farm |
| 8:58 | Guard Tower |
| 9:02 | Workshop |
| 9:09 | Scroll of Town Portal |
| 9:18 | Scout Tower |
| 9:20 | Scout Tower |
| 9:23 | Scout Tower |
| 9:26 | Scout Tower |
| 9:26 | Scout Tower |
| 10:00 | Peasant |
| 10:00 | Peasant |
| 10:00 | Peasant |
| 11:22 | Guard Tower |
| 11:50 | Blizzard |
| 11:52 | Rifleman |
| 12:04 | Town Hall |
| 12:18 | Peasant |
| 12:18 | Peasant |
| 12:19 | Peasant |
| 12:30 | Studded Leather Armor |
| 12:46 | Priest |
| 13:14 | Storm Bolt |
| 14:01 | Brilliance Aura |
| 14:08 | Rifleman |
| 14:13 | Priest |
| 14:23 | Castle |
| 15:16 | Spell Breaker |
| 15:19 | Flying Machine |
| 15:19 | Flying Machine |
| 15:19 | Flying Machine |
| 15:20 | Flying Machine |
| 15:29 | Mortar Team |
| 15:31 | Rifleman |
| 15:31 | Rifleman |
| 16:09 | Thunder Clap |
| 16:45 | Peasant |
| 16:45 | Peasant |
| 16:45 | Peasant |
| 16:45 | Peasant |
| 16:45 | Peasant |
| 16:57 | Barracks |
| 17:29 | Peasant |
| 17:30 | Peasant |
| 17:30 | Peasant |
| 17:32 | Altar of Kings |
| 17:35 | Guard Tower |
| 17:42 | Peasant |
| 17:42 | Peasant |
| 17:42 | Peasant |
| 17:54 | Peasant |
| 17:54 | Peasant |
| 17:54 | Peasant |
| 18:10 | Orb of Fire |
| 18:17 | Scroll of Town Portal |
| 18:28 | Knight |
| 18:28 | Knight |
| 18:36 | Farm |
| 19:11 | Peasant |
| 19:46 | Blacksmith |
| 19:49 | Farm |
| 19:52 | Farm |
| 19:59 | Arcane Vault |
| 20:05 | Lumber Mill |
| 20:28 | Farm |
| 20:50 | Scout Tower |
| 20:53 | Scout Tower |
| 20:53 | Scout Tower |
| 20:54 | Scout Tower |
| 20:57 | Scout Tower |
| 21:17 | Rifleman |
| 22:54 | Altar of Kings |
| 23:00 | Farm |
| 23:01 | Farm |
| 23:03 | Guard Tower |
| 23:09 | Peasant |
| 23:09 | Peasant |
| 23:09 | Peasant |
| 23:59 | Rifleman |
| 23:59 | Rifleman |
| 24:34 | Rifleman |
| 24:36 | Keep |
| 25:03 | Storm Bolt |
| 25:35 | Town Hall |
| 25:42 | Rifleman |
| 26:07 | Iron Plating |
| 27:00 | Rifleman |
| 27:47 | Rifleman |
| 27:50 | Castle |
| 27:52 | Arcane Sanctum |
| 28:08 | Scout Tower |
| 28:33 | Blizzard |
| 28:56 | Rifleman |
| 29:03 | Scroll of Town Portal |
| 29:05 | Scroll of Regeneration |
| 29:07 | Lesser Clarity Potion |
| 29:19 | Rifleman |
| 30:14 | Priest |
| 30:16 | Priest |
| 30:20 | Animal War Training |
| 30:23 | Iron Forged Swords |
| 30:31 | Peasant |
| 30:32 | Peasant |
| 31:07 | Peasant |
| 31:07 | Peasant |
| 31:34 | Town Hall |
| 32:12 | Guard Tower |
| 32:47 | Knight |
| 33:37 | Rifleman |
| 33:43 | Workshop |
| 33:47 | Workshop |
| 34:06 | Scroll of Regeneration |
| 34:06 | Scroll of Town Portal |
| 34:39 | Rifleman |
| 34:47 | Refined Gunpowder |
| 35:05 | Peasant |
| 35:05 | Peasant |
| 35:05 | Peasant |
| 35:24 | Brilliance Aura |
| 35:59 | Avatar |
| 36:21 | Knight |
| 36:21 | Knight |
| 36:47 | Mass Teleport |
| 37:31 | Potion of Healing |
| 37:32 | Potion of Healing |
| 37:39 | Rifleman |
| 37:43 | Siege Engine |
| 37:43 | Siege Engine |
| 37:43 | Barrage |
| 37:45 | Imbued Gunpowder |
| 37:54 | Thunder Clap |
| 38:16 | Rifleman |
| 39:20 | Siege Engine |
| 40:17 | Farm |
| Right click | 1316 |
| Select | 572 |
| Select group | 191 |
| Build/train/purchase | 162 |
| Misc. action | 149 |
| Chat | 71 |
| Use ability | 61 |
| Assign group | 20 |
| Resource trade | 19 |
| Remove unit | 11 |
| Minimap ping | 10 |
| Item give/drop | 2 |
⇛